 Dungeon Crawl Stone Soup version 0.28-a0-425-gd0eccab798 (webtiles) character file.

Game seed: 14841174148044796887

49 Jawa73 the Gusty (level 3, -5/25 HPs)
             Began as a Gnoll Air Elementalist on Sept 9, 2021.
             Killed from afar by Ijyb (8 damage)
             ... with an iceblast
             ... on level 2 of the Dungeon.
             The game lasted 00:07:53 (2316 turns).

Jawa73 the Gusty (Gnoll Air Elementalist)           Turns: 2316, Time: 00:07:53

Health: -5/25      AC:  4    Str:  7    XL:     3   Next: 75%
Magic:  0/9        EV: 13    Int: 15    God:
Gold:   66         SH:  0    Dex: 12    Spells: 9/12 levels left

rFire   . . .      SeeInvis .   e - +0 whip (elec)
rCold   . . .      Faith    .   (no shield)
rNeg    . . .      Spirit   .   a - +1 robe
rPois   .          Reflect  .   (no helmet)
rElec   .          Harm     .   g - +0 cloak
rCorr   .          Rampage  .   (no gloves)
Will    .....                   (no boots)
Stlth   ++........              (no amulet)
HPRegen 0.08/turn               (no ring)
MPRegen 0.11/turn               (no ring)

@: no status effects
A: fangs 1, strong nose, distributed training
a: no special abilities


You were on level 2 of the Dungeon.
You visited 1 branch of the dungeon, and saw 3 of its levels.

You collected 66 gold pieces.

Inventory:

Hand Weapons
 e - a +0 whip of electrocution (weapon)
Armour
 a - a +1 robe (worn)
 f - a +2 kite shield
 g - a +0 cloak (worn)
Wands
 i - a wand of mindburst (14)
Scrolls
 h - a scroll of identify
Potions
 c - 2 potions of flight {unknown}
 d - a potion of curing {unknown}


   Skills:
 + Level 0.9 Fighting
 + Level 0.9 Short Blades
 + Level 0.9 Long Blades
 + Level 0.9 Axes
 + Level 0.9 Maces & Flails
 + Level 0.9 Polearms
 + Level 0.9 Staves
 + Level 0.9 Slings
 + Level 0.9 Bows
 + Level 0.9 Crossbows
 + Level 0.9 Throwing
 + Level 0.9 Armour
 + Level 4.5 Dodging
 + Level 4.2 Stealth
 + Level 0.9 Shields
 + Level 0.9 Unarmed Combat
 + Level 5.0 Spellcasting
 + Level 2.1 Conjurations
 + Level 0.6 Hexes
 + Level 0.6 Summonings
 + Level 0.6 Necromancy
 + Level 0.6 Translocations
 + Level 0.6 Transmutations
 + Level 0.6 Fire Magic
 + Level 0.6 Ice Magic
 + Level 5.4 Air Magic
 + Level 0.6 Earth Magic
 + Level 0.6 Poison Magic
 + Level 1.0 Invocations
 + Level 0.9 Evocations


You had 9 spell levels left.
You knew the following spells:

 Your Spells              Type           Power      Damage    Failure   Level
a - Shock                 Conj/Air       60%        1d6       3%          1
b - Static Discharge      Conj/Air       15%        N/A       5%          2

Your spell library contained the following spells:

 Spells                   Type           Power      Damage    Failure   Level
 Swiftness                Air            20%        N/A       5%          3
 Airstrike                Air            10%        N/A       17%         4
 Slow                     Hex            5%         N/A       19%         2
 Stone Arrow              Conj/Erth      14%        3d7       28%         3
 Confusing Touch          Hex            5%         N/A       36%         3
 Animate Armour           Summ/Erth      10%        N/A       77%         4
 Yara's Violent Unravell  Hex/Tmut       2%         3d3       98%         5
 Lehudib's Crystal Spear  Conj/Erth      3%         10d3      100%        8
 Chain Lightning          Conj/Air       7%         3d10      100%        9
 Fire Storm               Conj/Fire      3%         8d1       100%        9
 Shatter                  Erth           2%         3d6*      100%        9


Dungeon Overview and Level Annotations

Branches:
Dungeon (3/15)

Altars:
Elyvilon

Annotations:
D:2 Ijyb


Innate Abilities, Weirdness & Mutations

You have very sharp teeth.
Your uncanny sense of smell can sniff out nearby items.
Your experience applies equally to all skills.


Message History

Aim: Ijyb, wielding a +0 club, wearing a +0 leather armour and carrying a wand of iceblast (6) (moderately wounded, 64% to hit)
The zap hits Ijyb.
Ijyb is moderately wounded.
Ijyb hits you but does no damage.
Aiming: Shock (safe; 3% risk of failure)
Press: ? - help, Q - select action, (/) - cycle Shift-Dir - straight line, f/p - Ijyb
Aim: Ijyb, wielding a +0 club, wearing a +0 leather armour and carrying a wand of iceblast (6) (moderately wounded, 64% to hit)
The zap hits Ijyb.
Ijyb is heavily wounded.
Ijyb screams, "You nasty!
Big nasty!"
Ijyb hits you but does no damage.
Aiming: Shock (safe; 3% risk of failure)
Press: ? - help, Q - select action, (/) - cycle Shift-Dir - straight line, f/p - Ijyb
Aim: Ijyb, wielding a +0 club, wearing a +0 leather armour and carrying a wand of iceblast (6) (heavily wounded, 64% to hit)
The zap misses Ijyb.
Ijyb barely misses you.
Aiming: Shock (safe; 3% risk of failure)
Press: ? - help, Q - select action, (/) - cycle Shift-Dir - straight line, f/p - Ijyb
Aim: Ijyb, wielding a +0 club, wearing a +0 leather armour and carrying a wand of iceblast (6) (heavily wounded, 64% to hit)
The zap misses Ijyb.
Ijyb hits you with a +0 club.
* * * LOW HITPOINT WARNING * * *
Aiming: Shock (safe; 3% risk of failure)
Press: ? - help, Q - select action, (/) - cycle Shift-Dir - straight line, f/p - Ijyb
Aim: Ijyb, wielding a +0 club, wearing a +0 leather armour and carrying a wand of iceblast (6) (heavily wounded, 64% to hit)
The zap hits Ijyb.
Ijyb is severely wounded.
Ijyb barely misses you.
Ijyb is nearby!
Aiming: Shock (safe; 3% risk of failure)
Press: ? - help, Q - select action, (/) - cycle Shift-Dir - straight line, f/p - Ijyb
Aim: Ijyb, wielding a +0 club, wearing a +0 leather armour and carrying a wand of iceblast (6) (severely wounded, 64% to hit)
The zap misses Ijyb.
Ijyb misses you.
You hit Ijyb but do no damage.
Ijyb is severely wounded.
Ijyb barely misses you.
Unknown command.
Ijyb zaps a wand.
The mass of ice explodes!
The iceblast engulfs you!
You die...

#.#
#####.....................###
#.# ##.....#.############....
#<# #.#####.### ##### ..# ###.#
#.....# ####... .## ####...#
#.....# #....## .####....###
#.....# ##.#### ......####
#.....# ####..### ....###
#####.....####.......# # ....#
#....g.@.............# # #####
#.........####.......###
########.....##### #.......##.
#............# #..#.......
#...>...[..### ##.########.
#..........#### ###..# ###.
#.............####...## #...
#..........##......### ###.#.
#..........####......#####....<


You could see Ijyb.

Vanquished Creatures
  An adder (D:3)
  A worm (D:2)
  A dart slug (D:2)
  A ball python (D:2)
  4 bats
  3 endoplasms
  A giant cockroach (D:1)
  3 goblins
  3 hobgoblins
  3 jackals (D:3)
  3 kobolds (D:1)
  2 quokkas
  4 frilled lizards (D:1)
  3 rats
33 creatures vanquished.

Vanquished Creatures (others)
  A ghoul (D:1)
  A palentonga (D:1)
  A vine stalker (D:1)
  2 elves (D:1)
  A merfolk (D:1)
  2 formicids (D:1)
  2 demigods (D:1)
  A tengu (D:1)
  A kobold (D:1)
  4 tentacles (D:1)
16 creatures vanquished.

Grand Total: 49 creatures vanquished

Notes
Turn   | Place    | Note
-------+----------+-------------------------------------------
     0 | D:1      | Jawa73 the Gnoll Air Elementalist began the quest for the
                  | Orb.
     0 | D:1      | Reached XP level 1. HP: 13/13 MP: 6/6
     0 | D:1      | Noticed a formicid
     0 | D:1      | Noticed a tengu
     0 | D:1      | Noticed a palentonga
     0 | D:1      | Noticed a ghoul
     0 | D:1      | Noticed an elf
     0 | D:1      | Noticed a vine stalker
     0 | D:1      | Noticed a demigod
     0 | D:1      | Noticed a kraken
     0 | D:1      | Noticed an elf
     0 | D:1      | Noticed a formicid
     0 | D:1      | Noticed a demigod
     0 | D:1      | Noticed a merfolk
     2 | D:1      | Killed a tengu
     3 | D:1      | Killed a demigod
     7 | D:1      | Killed a palentonga
     8 | D:1      | Killed a formicid
     9 | D:1      | Killed a ghoul
    10 | D:1      | Killed a formicid
    10 | D:1      | Killed a merfolk
    10 | D:1      | Killed an elf
    12 | D:1      | Killed an elf
    12 | D:1      | Killed a demigod
    13 | D:1      | Killed a vine stalker
   269 | D:1      | Reached XP level 2. HP: 19/19 MP: 3/7
   627 | D:1      | Learned a level 2 spell: Static Discharge
  1291 | D:2      | Reached XP level 3. HP: 25/25 MP: 0/9
  1402 | D:2      | Reached skill level 5 in Spellcasting
  1667 | D:2      | Found a white marble altar of Elyvilon.
  2022 | D:3      | Reached skill level 1 in Invocations
  2023 | D:3      | Noticed Ijyb
  2294 | D:2      | HP: 1/25 [Ijyb/iceblast (9)]
  2316 | D:2      | Killed from afar by Ijyb

Illustrated notes

Levels and vault maps discovered:
D:1:      nicolae_arrival_kraken_aquarium_a, layout_loops_corners
D:2:      layout_rooms, basic_altar
D:3:      layout_basic, gammafunk_temple_overflow_elements,
          mainiacjoe_overflow_small_starburst,
          hellmonk_ecumenical_altar_arch_garden, st_stairs_5, uniq_ijyb,
          uniq_natasha

Skill      XL: |  1  2  3 |
---------------+----------+-----
Conjurations   | 2 |  2.1
Spellcasting   | 5 |  5.0
Invocations    | 1 |  1.0
Fighting       | |  0.9
Short Blades   | |  0.9
Long Blades    | |  0.9
Axes           | |  0.9
Maces & Flails | |  0.9
Polearms       | |  0.9
Staves         | |  0.9
Slings         | |  0.9
Bows           | |  0.9
Crossbows      | |  0.9
Throwing       | |  0.9
Armour         | |  0.9
Dodging        | |  4.5
Stealth        | |  4.2
Shields        | |  0.9
Unarmed Combat | |  0.9
Hexes          | |  0.6
Summonings     | |  0.6
Necromancy     | |  0.6
Translocations | |  0.6
Transmutations | |  0.6
Fire Magic     | |  0.6
Ice Magic      | |  0.6
Air Magic      | |  5.4
Earth Magic    | |  0.6
Poison Magic   | |  0.6
Evocations     | |  0.9

Action                   || total
-------------------------++-------
Melee: Whip              ||    33
       Bite              ||     1
 Cast: Shock             ||    81
       Static Discharge  ||     1
  Use: Scroll            ||     2
       Potion            ||     1
 Stab: Sleeping          ||     1
Armor: Robe              ||     9
Dodge: Dodged            ||    26

Table legend: (Time is in decaauts)
 A = Elapsed time spent in this place.
 B = Non-inter-level travel time spent in this place.
 C = Inter-level travel time spent in this place.
 D = Time resting spent in this place.
 E = Time spent auto-exploring this place.
 F = Levels seen in this place.
 G = Mean time per level.
                   A        B        C        D        E       F      G
               +--------+--------+--------+--------+--------+-----+--------+
         Total |   2318 |   2267 |     51 |    249 |   1682 |   3 |  772.7 |
       Dungeon |   2318 |   2267 |     51 |    249 |   1682 |   3 |  772.7 |
               +--------+--------+--------+--------+--------+-----+--------+

Top non-repeatable levels by time:
     D:1: 1199 daAuts
     D:2: 1088 daAuts
     D:3: 31 daAuts
